 Dungeon Crawl Stone Soup version 0.24-a0-217-g1152973 (webtiles) character file.

Game seed: 6699338763606836477

402 xeno23 the Sneak (level 6, 0/42 HPs)
             Began as an Octopode Assassin on Mar 29, 2019.
             Slain by a gnoll
             ... wielding a +0 flail
              (8 damage)
             ... on level 4 of the Dungeon.
             The game lasted 00:09:25 (3093 turns).

xeno23 the Sneak (Octopode Assassin)                Turns: 3093, Time: 00:09:26

Health: 0/42       AC:  1    Str: 11    XL:     6   Next: 85%
Magic:  15/15      EV: 14    Int: 13    God:
Gold:   222        SH:  0    Dex: 15    Spells: 5/5 levels left

rFire    . . .     SeeInvis .   a - +3 dagger (venom)
rCold    . . .     Gourm    .   (no shield)
rNeg     . . .     Faith    .   (helmet restricted)
rPois    .         Spirit   .   (no amulet)
rElec    .         Reflect  .   u - ring of magical power
rCorr    .         Harm     .   (no ring)
MR       .....                  (no ring)
Stlth    +++++.....             (no ring)
HPRegen  0.14/turn              (no ring)
MPRegen  0.14/turn              (no ring)
                                (no ring)
                                (no ring)

@: no status effects
A: almost no armour, stealthy swim, amphibious, 8 rings, constrict 8, camouflage
1, gelatinous body 1
a: no special abilities


You were on level 4 of the Dungeon.
You were hungry.

You visited 1 branch of the dungeon, and saw 4 of its levels.

You collected 222 gold pieces.

Inventory:

Hand Weapons
 a - a +3 dagger of venom (weapon)
 b - a +0 blowgun
 t - a +0 hunting sling
Missiles
 c - 8 poisoned needles
 d - 2 curare-tipped needles
 q - 19 sling bullets
Jewellery
 i - an uncursed amulet of harm
 u - a ring of magical power (left tentacle)
Wands
 j - a wand of flame (8)
Scrolls
 h - 3 scrolls of teleportation {unknown}
 m - a scroll of enchant armour {unknown}
 n - 3 scrolls of remove curse {unknown}
 p - 2 scrolls of identify {unknown}
 r - 2 scrolls of magic mapping {unknown}
 s - a scroll of fear {unknown}
Potions
 e - 2 potions of haste {unknown}
 g - 3 potions of flight {unknown}
 k - 2 potions of curing {unknown}
 l - 2 potions of brilliance {unknown}
 o - 2 potions of degeneration {unknown}
 v - a potion of ambrosia {unknown}
 x - a potion of magic {unknown}
 z - a potion of lignification {unknown}
Comestibles
 f - 7 rations


   Skills:
 + Level 3.1 Fighting
 * Level 4.0 Short Blades
 + Level 3.1 Throwing
 + Level 2.5 Dodging
 * Level 7.3 Stealth
 + Level 1.2 Evocations


You had 5 spell levels left.
You didn't know any spells.
Your spell library was empty.

Dungeon Overview and Level Annotations

Branches:
Dungeon (4/15)
 Temple: D:4-7

Altars:
Nemelex Xobeh
Ru


Innate Abilities, Weirdness & Mutations

You cannot wear most types of armour.
You are very stealthy in the water. (Stealth+)
You are amphibious.
You can wear up to eight rings at the same time.
You can use your tentacles to constrict eight enemies at once.
Your skin changes colour to match your surroundings (Stealth+).
Your rubbery body absorbs attacks. (AC +1, EV +1)


Message History

The gnoll hits you with a +0 flail.
You take 3 damage.
The gnoll throws a throwing net.
The throwing net hits you.
You become entangled in the net!
The leopard gecko bites you.
You see here a throwing net.
You take 4 damage.
You struggle against the net.
The leopard gecko closely misses you.
You struggle against the net.
The leopard gecko bites you but does no damage.
The gnoll hits you from afar with a +0 halberd.
* * * LOW HITPOINT WARNING * * *
The gnoll hits you with a +0 flail.
* * * LOW HITPOINT WARNING * * *
You take 8 damage.
You struggle against the net.
The leopard gecko hisses menacingly.
The leopard gecko barely misses you. The gnoll barely misses you.
The leopard gecko completely misses you.
You rip the net and break free!
The gnoll hits you with a +0 flail!
You die...

.....#######...###...#
......S........(....#
#..................#
#................#.#
#........#########..
#.....).....######..
######......>....+.......
#$......gl.......#######.
#.......@.g......# #.
#.......##+###+###### #.
#.......+ #......## ##
#.......##.###.......# #
######.##............# #
###.##..#####'###.#
#...........#)# #.####
#.#.#######.#.# #.....
#.#...........# #####.


You could see 2 gnolls, an adder (wandering) and a leopard gecko.

Vanquished Creatures
  A phantom (D:4)
  An orc wizard (D:2)
  Jessica (D:3)
  Ijyb (D:2)
  A worker ant (D:4)
  A gnoll (D:4)
  7 adders
  An ooze (D:3)
  5 worms
  4 dart slugs
  4 leopard geckos
  10 orcs
  4 bats
  2 giant cockroaches
  13 goblins
  3 hobgoblins (D:3)
  19 jackals
  A ball python (D:1)
  7 frilled lizards
  4 kobolds
  A quokka skeleton (D:3)
  4 rats
95 creatures vanquished.

Notes
Turn   | Place    | Note
-------+----------+-------------------------------------------
     0 | D:1      | xeno23 the Octopode Assassin began the quest for the Orb.
     0 | D:1      | Reached XP level 1. HP: 14/14 MP: 1/1
    95 | D:1      | Reached XP level 2. HP: 11/19 MP: 2/2
   659 | D:1      | Reached XP level 3. HP: 18/24 MP: 3/3
  1135 | D:2      | Reached skill level 6 in Stealth
  1135 | D:2      | Reached XP level 4. HP: 19/30 MP: 4/4
  1383 | D:2      | Noticed Ijyb
  1400 | D:2      | Killed Ijyb
  1634 | D:2      | Reached XP level 5. HP: 29/35 MP: 5/5
  1815 | D:2      | Found a faded altar of an unknown god.
  2385 | D:3      | Found a sparkling altar of Nemelex Xobeh.
  2425 | D:3      | Found a sacrificial altar of Ru.
  2539 | D:3      | Noticed Jessica
  2552 | D:3      | Killed Jessica
  2552 | D:3      | Reached XP level 6. HP: 32/41 MP: 6/6
  2861 | D:4      | Reached skill level 7 in Stealth
  2927 | D:4      | Noticed a phantom
  3005 | D:4      | Killed a phantom
  3005 | D:4      | Reached skill level 1 in Evocations
  3093 | D:4      | Slain by a gnoll

Levels and vault maps discovered:
D:1:      minmay_arrival_stair_chambers, layout_loops_ring,
          chequers_serial_rivers_micro_a, minmay_crystal_room
D:2:      kennysheep_the_goblin_king, layout_basic,
          chequers_ecumenical_altar_grove
D:3:      layout_basic, old_standard_altar, nemelex_dance_club_becter,
          uniq_ijyb, uniq_jessica
D:4:      layout_basic, first_ration

Skill      XL: |  1  2  3  4  5  6 |
---------------+-------------------+-----
Stealth        | 6 7 |  7.3
Short Blades   | 3 4 |  4.0
Dodging        | 2 |  2.5
Throwing       | 3 |  3.1
Fighting       | 3 |  3.1
Evocations     | 1 |  1.2

Action                   |  1- 3 |  4- 6 || total
-------------------------+-------+-------++-------
Melee: Dagger            |    62 |   121 ||   183
       Constrict         |    17 |    33 ||    50
       Tentacles         |     6 |    17 ||    23
 Fire: Hunting sling     |       |    20 ||    20
Evoke: Wand              |       |     7 ||     7
 Stab: Sleeping          |     9 |    22 ||    31
       Distracted        |       |     2 ||     2
  Eat: Chunk             |     1 |     5 ||     6
Armor: Skin              |       |     8 ||     8
Dodge: Dodged            |    24 |    54 ||    78

Table legend:
 A = Non-vault XP
 B = Vault XP
 C = Vault XP percentage of total XP
 D = Non-vault monster count
 E = Vault monster count
 F = Vault count percentage of total count
                 A         B        C        D         E       F
            +---------+---------+-------+---------+---------+-------
      Total |     481 |      94 |  16.3 |      85 |      10 |  10.5
            +---------+---------+-------+---------+---------+-------
        D:1 |      37 |       0 |   0.0 |      20 |       0 |   0.0
        D:2 |     138 |      47 |  25.4 |      29 |       7 |  19.4
        D:3 |      70 |      47 |  40.2 |      21 |       3 |  12.5
        D:4 |     236 |       0 |   0.0 |      15 |       0 |   0.0
            +---------+---------+-------+---------+---------+-------
